Map: Whispers of Gold

Players

LiquidClem (Clem) - Winner!

  • Race: Terran Terran
  • League: Grandmaster
  • Spawn Location: 9:00

SKillous

  • Race: Protoss Protoss
  • League: Grandmaster
  • Spawn Location: 5:00

VOD

Have the link to the VOD?

Description

Time

  • Played on: Jan. 22, 2025, 9:29 a.m.
  • Length: 7:48
Show
View Real Time Build Order
Export as new Build Order

LiquidClem Terran - Winner!

Build Orders: Liberator Opening 

Get SALT Encoding   

  12  0:00  SCV  
  13  0:12  SCV  
  14  0:17  Supply Depot  
  14  0:24  SCV  
  15  0:39  SCV  
  15  0:40  Barracks  
  16  0:44  Refinery  
  16  0:51  SCV  
  17  1:03  SCV  
  18  1:15  SCV  
  19  1:27  Marine, Orbital Command  
  20  1:44  Command Center  
  20  1:55  Factory  
  20  1:58  SCV  
  21  2:05  Barracks Reactor  
  21  2:09  Bunker  
  21  2:11  SCV  
  22  2:16  Supply Depot  
  22  2:23  SCV  
  22  2:25  Refinery  
  23  2:38  SCV  
  23  2:42  Marine x2, Starport  
  26  2:49  Hellion  
  28  2:51  SCV  
  29  3:00  Orbital Command  
  29  3:04  SCV  
  30  3:05  Marine  
  30  3:08  Marine  
  34  3:13  Widow Mine  
  34  3:16  SCV  
  34  3:19  Medivac  
  37  3:26  SCV  
  38  3:27  Supply Depot  
  38  3:30  SCV  
  38  3:32  Marine  
  40  3:34  Marine  
  40  3:36  Factory Tech Lab  
  40  3:38  SCV  
  42  3:42  SCV  
  42  3:46  Supply Depot  
  43  3:51  Liberator  
  43  3:54  SCV  
  47  3:57  Marine x2  
  47  3:59  SCV  
  47  4:02  Siege Tank  
  53  4:06  SCV  
  53  4:08  Supply Depot  
  54  4:11  SCV  
  54  4:15  Marine x2  
  57  4:19  SCV  
  57  4:24  SCV  
  59  4:31  SCV  
  58  4:33  Barracks  
  58  4:34  Siege Tank  
  58  4:35  Marine x2, Supply Depot  
  58  4:37  SCV  
  64  4:43  SCV  
  64  4:44  Supply Depot  
  65  4:49  Starport Tech Lab  
  65  4:51  Barracks  
  65  4:52  Marine, SCV  
  66  4:53  Marine  
  66  4:55  SCV  
  66  4:58  Supply Depot  
  69  5:00  Engineering Bay  
  69  5:04  SCV, Refinery  
  70  5:07  SCV  
  70  5:09  Raven  
  70  5:10  Marine  
  74  5:16  SCV  
  74  5:19  SCV  
  74  5:21  Marine  
  77  5:24  Refinery  
  77  5:25  Supply Depot  
  77  5:28  Factory Reactor, SCV, Supply Depot  
  77  5:31  Marauder  
  77  5:32  SCV  
  77  5:33  Stimpack  
  79  5:37  Supply Depot  
  79  5:40  SCV  
  80  5:43  Marine x2  
  80  5:44  SCV  
  80  5:49  Supply Depot  
  82  5:51  Terran Infantry Weapons Level 1  
  82  5:53  Combat Shield, SCV  
  82  5:56  Marauder  
  83  5:59  Marauder  
  83  6:02  Starport Reactor  
  85  6:04  Marine x2  
  85  6:08  Supply Depot  
  85  6:09  Widow Mine x2  
  91  6:21  Command Center  
  91  6:23  Marine x2  
  91  6:25  Marauder  
  94  6:28  Marauder  
  94  6:32  Widow Mine x2  
  95  6:37  Supply Depot  
  95  6:38  Supply Depot  
  94  6:41  Medivac x2  
  94  6:43  Marine x2  
  94  6:46  Marauder  
  98  6:53  Barracks, Marauder  
  98  6:58  Widow Mine x2  
  98  7:01  Marine x2  
  104  7:04  Barracks  
  104  7:12  Marauder  
  108  7:16  Marauder  
  108  7:18  Marine  
  108  7:19  Marine  
  111  7:27  Widow Mine  
  111  7:28  SCV  
  110  7:31  SCV  
Show
View Real Time Build Order
Export as new Build Order

SKillous Protoss 

Build Orders: 1 Gate Expand, Blink Stalkers 

Get SALT Encoding   

  12  0:00  Probe  
  13  0:12  Probe  
  14  0:18  Pylon  
  14  0:24  Probe  
  15  0:32  Probe  
  15  0:38  Gateway  
  15  0:40  Probe  
  16  0:47  Assimilator  
  17  0:50  Probe  
  18  1:03  Probe  
  19  1:15  Probe  
  20  1:23  Nexus  
  20  1:36  Cybernetics Core  
  20  1:37  Probe  
  21  1:43  Assimilator  
  21  1:49  Probe  
  21  1:53  Pylon  
  22  2:00  Stalker  
  22  2:02  Probe  
  23  2:12  Warp Gate  
  23  2:14  Probe  
  26  2:26  Probe  
  26  2:27  Twilight Council  
  27  2:30  Stalker  
  27  2:32  Probe  
  27  2:34  Blink  
  30  2:39  Probe  
  30  2:41  Probe  
  31  2:50  Probe  
  32  2:51  Probe  
  34  3:03  Probe x2  
  36  3:08  Gateway  
  36  3:15  Probe x2  
  36  3:19  Sentry  
  40  3:23  Pylon  
  40  3:27  Probe x2  
  42  3:39  Probe x2  
  44  3:51  Probe  
  44  3:52  Probe, Nexus  
  46  3:56  Pylon  
  46  4:00  Stalker  
  46  4:02  Stalker  
  50  4:04  Probe  
  50  4:06  Probe  
  50  4:09  Robotics Facility  
  52  4:12  Pylon  
  52  4:13  Phoenix  
  52  4:16  Probe  
  53  4:17  Assimilator  
  51  4:27  Probe  
  51  4:30  Stalker x2  
  56  4:34  Probe  
  57  4:39  Probe  
  58  4:46  Probe  
  58  4:47  Forge  
  58  4:51  Charge  
  58  4:52  Probe  
  60  4:58  Probe  
  60  4:59  Observer, Gateway  
  62  5:04  Probe x2  
  64  5:10  Probe  
  64  5:11  Protoss Ground Weapons Level 1  
  63  5:16  Probe x2  
  63  5:17  Gateway  
  63  5:18  Gateway  
  65  5:22  Probe  
  65  5:28  Probe x2, Stalker x2  
  71  5:35  Probe  
  72  5:40  Probe x2  
  71  5:48  Shield Battery  
  71  5:49  Shield Battery  
  71  5:52  Stalker x2  
  71  5:57  Probe, Stalker  
  75  5:58  Probe  
  75  6:02  Pylon, Probe  
  76  6:05  Probe  
  76  6:10  Probe  
  78  6:13  Probe  
  78  6:14  Probe  
  78  6:15  Zealot x2  
  84  6:19  Stalker  
  84  6:20  Stalker  
  84  6:23  Probe  
  84  6:26  Probe  
  84  6:30  Probe  
  78  6:34  Stalker  
  78  6:38  Zealot x2  
  78  6:39  Probe x2  
  84  6:42  Warp Prism  
  81  6:47  Zealot x2  
  79  6:58  Zealot x2  
  79  6:59  Sentry  
  84  7:02  Templar Archives  
  84  7:04  Assimilator  
  84  7:10  Sentry  
  84  7:11  Zealot  
  84  7:15  Gateway x2  
  88  7:19  Zealot x2  
  83  7:24  Zealot  
  75  7:32  Nexus  
Tags
 
Add a new tag
Caveats
  • Supply blocks, unpowered buildings, or Contaminate may cause inaccurate times.
  • Supply counts are checked every 10 seconds.